 Dungeon Crawl Stone Soup version 0.25-a0-435-g4b9beb1024 (webtiles) character file.

Game seed: 7156062079944037390, levelgen mode: deterministic

6065 Elellon the Thaumaturge (level 10, -10/58 HPs)
             Began as a Deep Elf Conjurer on Jan 26, 2020.
             Was a Believer of Vehumet.
             Mangled by a warg (14 damage)
             ... on level 9 of the Dungeon.
             The game lasted 00:19:20 (10969 turns).

Elellon the Thaumaturge (Deep Elf Conjurer)        Turns: 10969, Time: 00:19:21

Health: -10/58     AC:  4    Str:  7    XL:     10   Next: 57%
Magic:  13/27      EV: 17    Int: 24    God:    Vehumet [**....]
Gold:   471        SH:  0    Dex: 15    Spells: 25/32 levels left

rFire    . . .     SeeInvis .   a - +0 dagger (drain)
rCold    . . .     Gourm    .   (no shield)
rNeg     . . .     Faith    .   v - +1 robe
rPois    .         Spirit   .   e - +0 helmet
rElec    .         Reflect  .   (no cloak)
rCorr    .         Harm     .   (no gloves)
MR       +....                  (no boots)
Stlth    ++........             n - amulet of magic regeneration
HPRegen  0.19/turn              s - ring of wizardry
MPRegen  0.45/turn              p - +2 ring of intelligence

@: no status effects
A: no striking features
a: Renounce Religion


You were on level 9 of the Dungeon.
You worshipped Vehumet.
Vehumet was pleased with you.
You were not hungry.

You visited 2 branches of the dungeon, and saw 10 of its levels.

You collected 471 gold pieces.

Inventory:

Hand Weapons
 a - a +0 dagger of draining (weapon)
 y - a +3 dagger of chaos
Armour
 e - a +0 helmet (worn)
 v - a +1 robe (worn)
Jewellery
 k - an uncursed ring of resist corrosion
 n - an amulet of magic regeneration (around neck)
 p - a +2 ring of intelligence (right hand)
 s - a ring of wizardry (left hand)
 w - an uncursed ring of protection from fire {unknown}
 x - a +3 ring of protection
 E - a cursed ring of teleportation {unknown}
 F - the ring "Pinivoip" {*Slow rC+++ rCorr Str+2, unknown}
   (You found it on level 8 of the Dungeon)

   [ring of resist corrosion]

   It affects your strength (+2).
   It renders you almost immune to cold.
   It provides partial protection from all sources of acid and corrosion.
   It may slow you when you take damage.
Wands
 z - a wand of random effects (13)
 A - a wand of digging (5)
 B - a wand of scattershot (9)
Scrolls
 d - 5 scrolls of teleportation
 g - 7 scrolls of identify
 j - 5 scrolls of remove curse
 l - 2 scrolls of enchant armour
 t - 3 scrolls of amnesia
 C - a scroll of enchant weapon {unknown}
Potions
 b - a potion of invisibility {unknown}
 f - 4 potions of curing
 h - a potion of lignification {unknown}
 i - 2 potions of brilliance {unknown}
 m - a potion of heal wounds {unknown}
 o - 3 potions of flight {unknown}
 q - a potion of degeneration {unknown}
 r - a potion of mutation {unknown}
 u - 2 potions of magic {unknown}
 D - a potion of might {unknown}
Comestibles
 c - 18 rations
 G - 13 chunks of flesh


   Skills:
 + Level 4.4 Fighting
 + Level 7.1 Dodging
 - Level 2.4 Stealth
 + Level 11.9 Spellcasting
 + Level 10.8 Conjurations
 + Level 5.9 Translocations


You had 25 spell levels left.
You knew the following spells:

 Your Spells              Type           Power        Failure   Level  Hunger
a - Magic Dart            Conj           ####         1%          1    None
b - Searing Ray           Conj           ######       1%          2    None
c - Iskenderun's Mystic   Conj/Tloc      ######..     1%          4    None

Your spell library contained the following spells:

 Spells                   Type           Power        Failure   Level  Hunger
 Conjure Flame            Conj/Fire      #####...     1%          3    None
 Dazzling Flash           Conj/Hex       #####.       1%          3    None
 Fulminant Prism          Conj/Hex       #####.....   1%          4    None


Dungeon Overview and Level Annotations

Branches:
Dungeon (9/15)             Temple (1/1) D:5             Orc (0/2) D:9
   Lair: D:8-11

Altars:
Cheibriados
Dithmenos
Elyvilon
Fedhas
Gozag
Hepliaklqana
Kikubaaqudgha
Makhleb
Ru
Trog
Vehumet
Yredelemnul
The Shining One

Annotations:
D:7 2 transporters, terminal's ghost, novice HOFE


Message History

Casting: Iskenderun's Mystic Blast (safe; 1% risk of failure)
Confirm with . or Enter, or press ? or * to list all spells.
You can't see any susceptible monsters within range! (Use Z to cast anyway.)
Casting: Iskenderun's Mystic Blast (safe; 1% risk of failure)
Confirm with . or Enter, or press ? or * to list all spells.
Aiming: Searing Ray (safe; 1% risk of failure)
Press: ? - help, Shift-Dir - straight line, f - warg
Aim: a warg (severely wounded)
The searing ray misses the warg. (Press . to maintain the ray.)
The searing ray hits the warg!
The warg is almost dead.
The warg barely misses you.
The searing ray misses the warg.
The searing ray hits the orc priest!
You kill the orc priest!
Vehumet accepts your kill. The warg bites you.
* * * LOW HITPOINT WARNING * * *
The warg bites you!
You die...

#..##........##...........#
##.##########+#....÷......##
#...##.... ...######........
#......[## ...##...........
##....8.##..##o8.####........
#>......+.??o'...####........
##....8.## ##)8.#...........
#(......####h..#####.#######
#...##.....@..## #........
##(##########'######÷.#.....
#.)##........##........###.
#..))..####...##.......# #.
##....##.)##...........# #.
#..8)'.)..'.8.........# #.
##...##..##...........# #.
##...####...##..♣....# #.
###.......##...♣....# #.


You could see a warg.

Vanquished Creatures
  Harold (D:7)
  Pikel (D:8)
  Maurice (D:8)
  Psyche (D:8)
  A hippogriff (D:7)
  Eustachio (D:5)
  2 hungry ghosts
  A warg (D:9)
  A water moccasin (D:6)
  2 slaves (D:8)
  2 orc warriors (D:9)
  3 black bears
  2 ice beasts
  2 sky beasts
  3 phantoms
  3 ogres
  3 centaurs
  A big kobold (D:7)
  4 bullfrogs
  A gnoll sergeant (D:7)
  A wyvern skeleton (D:7)
  2 scorpions
  3 wights (D:6)
  4 crimson imps
  A centaur skeleton (D:7)
  4 jellies
  2 hounds
  4 orc priests
  3 orc wizards
  2 iguanas
  7 worker ants
  A killer bee zombie (D:7)
  2 hound skeletons
  9 gnolls
  12 adders
  2 shadow imps
  A white imp (D:4)
  An ooze (D:1)
  An adder zombie (D:5)
  4 worms
  A dart slug (D:1)
  5 leopard geckos
  39 orcs
  A ball python (D:4)
  A bat (D:2)
  4 giant cockroaches
  10 goblins
  12 hobgoblins
  10 jackals
  6 quokkas
  3 frilled lizards
  A jackal skeleton (D:4)
  18 kobolds
  12 rats
225 creatures vanquished.

Vanquished Creatures (others)
  An orc priest (D:8)
1 creature vanquished.

Grand Total: 226 creatures vanquished

Notes
Turn   | Place    | Note
-------+----------+-------------------------------------------
     0 | D:1      | Elellon the Deep Elf Conjurer began the quest for the Orb.
     0 | D:1      | Reached XP level 1. HP: 10/10 MP: 6/6
   349 | D:1      | Reached XP level 2. HP: 15/15 MP: 4/8
   690 | D:1      | Reached skill level 4 in Spellcasting
  1030 | D:2      | Reached skill level 5 in Conjurations
  1030 | D:2      | Reached XP level 3. HP: 19/19 MP: 7/10
  1788 | D:2      | Reached XP level 4. HP: 16/24 MP: 3/12
  2071 | D:3      | Reached skill level 5 in Spellcasting
  2400 | D:3      | Reached XP level 5. HP: 10/28 MP: 4/14
  3408 | D:3      | Learned a level 2 spell: Searing Ray
  3413 | D:3      | Learned a level 4 spell: Iskenderun's Mystic Blast
  3708 | D:4      | Reached skill level 6 in Spellcasting
  3875 | D:4      | Reached XP level 6. HP: 26/32 MP: 11/17
  4660 | D:4      | Reached skill level 7 in Spellcasting
  5548 | D:4      | Reached XP level 7. HP: 36/36 MP: 15/20
  5752 | D:5      | Entered Level 5 of the Dungeon
  6038 | D:5      | Found a bloodstained altar of Trog.
  6041 | D:5      | Found a glowing golden altar of the Shining One.
  6044 | D:5      | Found a shadowy altar of Dithmenos.
  6047 | D:5      | Found a hazy altar of Hepliaklqana.
  6204 | D:5      | Noticed Eustachio
  6212 | D:5      | Killed Eustachio
  6212 | D:5      | Reached skill level 8 in Spellcasting
  6491 | D:5      | Found a staircase to the Ecumenical Temple.
  6500 | Temple   | Entered the Ecumenical Temple
  6687 | Temple   | Became a worshipper of Vehumet
  6964 | D:6      | Reached skill level 9 in Spellcasting
  6964 | D:6      | Reached XP level 8. HP: 37/41 MP: 16/23
  6997 | D:6      | Found a basalt altar of Yredelemnul.
  7664 | D:6      | Reached skill level 1 in Fighting
  7664 | D:6      | Reached skill level 10 in Spellcasting
  7664 | D:6      | Reached skill level 1 in Translocations
  7948 | D:7      | Noticed Harold
  7960 | D:7      | Killed Harold
  7960 | D:7      | Reached XP level 9. HP: 33/49 MP: 16/25
  8092 | D:7      | Reached skill level 5 in Dodging
  8173 | D:7      | Found a transporter.
  8174 | D:7      | Noticed terminal's ghost (novice HOFE)
  8188 | D:7      | Reached * piety under Vehumet
  8188 | D:7      | Offered knowledge of Freeze by Vehumet.
  8459 | D:7      | Found a transporter.
  8479 | D:7      | Found a burning altar of Makhleb.
  8481 | D:7      | Noticed an Executioner
  8531 | D:7      | Reached skill level 10 in Conjurations
  8596 | D:7      | Reached skill level 11 in Spellcasting
  8759 | D:7      | Found an opulent altar of Gozag.
  9429 | D:8      | Noticed Psyche
  9436 | D:8      | Killed Psyche
  9436 | D:8      | Reached XP level 10. HP: 44/56 MP: 20/27
  9774 | D:8      | Reached ** piety under Vehumet
  9774 | D:8      | Offered knowledge of Sandblast by Vehumet.
  9814 | D:8      | Reached skill level 5 in Translocations
  9956 | D:8      | Noticed Pikel
  9962 | D:8      | Noticed Maurice
  9968 | D:8      | Killed Pikel
  9973 | D:8      | Killed Maurice
 10225 | D:8      | Found a snail-covered altar of Cheibriados.
 10225 | D:8      | Found a sacrificial altar of Ru.
 10515 | D:8      | Got a smoking lead ring
 10882 | D:9      | Found a staircase to the Orcish Mines.
 10961 | D:9      | Offered knowledge of Conjure Flame by Vehumet.
 10969 | D:9      | Mangled by a warg

Levels and vault maps discovered:
D:1:      eino_arrival_cavern_a, layout_basic
D:2:      layout_loops_ring
D:3:      layout_loops_corners
D:4:      corexii_shantytown, layout_basic, first_ration, grunt_ministairs_3,
          minmay_fire_ice_demons
D:5:      layout_cave_pools, grunt_temple_overflow_cloverleaf,
          minmay_temple_entry_gardened_gates, uniq_eustachio
D:6:      layout_loops_ring, lemuel_round_altar
D:7:      minmay_angry_zag, layout_loops_cross, kennysheep_mini_moat,
          makhleb_altar_promises_db, gammafunk_ghost_stat_death,
          grunt_ogre_cave, uniq_harold
D:8:      layout_gridville, grunt_temple_overflow_open, uniq_psyche,
          uniq_maurice, uniq_pikel
D:9:      layout_basic, grunt_qazlal_clouds, led_sif_pool,
          overflow_temple_1_default, dpeg_oklobed_lair, david_orc_1_choice,
          enter_bailey_2, ebering_ghost_disaster_area
Temple:   jpeg_temple_alley_garden

Skill      XL: |  1  2  3  4  5  6  7  8  9 10 |
---------------+-------------------------------+-----
Spellcasting   | 4 5 6 7 9 10 11 | 11.9
Conjurations   | 5 6 7 8 9 10 | 10.8
Fighting       | 2 3 4 |  4.4
Dodging        | 4 6 7 |  7.1
Translocations | 3 4 5 |  5.9
Stealth        | |  2.4

Action                   |  1- 3 |  4- 6 |  7- 9 | 10-12 || total
-------------------------+-------+-------+-------+-------++-------
Melee: Dagger            |       |       |     1 |       ||     1
 Cast: Magic Dart        |    72 |   123 |    77 |    67 ||   339
       Searing Ray       |       |    32 |    50 |    28 ||   110
       Iskenderun's Myst |       |       |       |     4 ||     4
  Use: Scroll            |       |       |    13 |       ||    13
  Eat: Chunk             |     2 |    12 |    10 |     5 ||    29
       Ration            |       |       |     1 |       ||     1
Armor: Robe              |       |     3 |     8 |     1 ||    12
Dodge: Dodged            |     7 |    23 |    42 |    24 ||    96

Table legend:
 A = Non-vault XP
 B = Vault XP
 C = Vault XP percentage of total XP
 D = Non-vault monster count
 E = Vault monster count
 F = Vault count percentage of total count
                 A         B        C        D         E       F
            +---------+---------+-------+---------+---------+-------
      Total |    4553 |    4112 |  47.5 |     171 |      52 |  23.3
            +---------+---------+-------+---------+---------+-------
        D:1 |      39 |       0 |   0.0 |      21 |       0 |   0.0
        D:2 |      88 |       0 |   0.0 |      17 |       0 |   0.0
        D:3 |     108 |       0 |   0.0 |      21 |       0 |   0.0
        D:4 |     407 |     132 |  24.5 |      22 |      31 |  58.5
        D:5 |     274 |     196 |  41.7 |       6 |       1 |  14.3
        D:6 |    1320 |       0 |   0.0 |      19 |       0 |   0.0
        D:7 |     975 |    1742 |  64.1 |      33 |       9 |  21.4
        D:8 |     787 |    1558 |  66.4 |      25 |       3 |  10.7
        D:9 |     555 |     484 |  46.6 |       7 |       8 |  53.3
            +---------+---------+-------+---------+---------+-------
